 Dungeon Crawl Stone Soup version 0.31.0-11-ge490571c62 (webtiles) character file.

Game seed: 7499194228572804119

74 Gadfly the Insei (level 4, 23/35 HPs)
             Began as a Demonspawn Monk on Feb 1, 2024.
             Quit the game on level 1 of the Dungeon.
             The game lasted 00:02:21 (1806 turns).

Gadfly the Insei (Demonspawn Monk)                  Turns: 1806, Time: 00:02:22

Health: 23/35      AC:  4    Str: 14    XL:     4   Next: 9%
Magic:  5/5        EV: 13    Int: 10    God:
Gold:   79         SH:  0    Dex: 15    Spells: 3/3 levels left

rFire   . .          .
                       - Unarmed
rCold   . . .        c - orb {light}
rNeg    . . .        a - +0 robe
rPois   .            (no helmet)
rElec   .            (no cloak)
rCorr   .            (no gloves)
SInv    .            (no boots)
Will    .....        f - amulet of guardian spirit
Stlth   +            (no ring)
HPRegen 0.25/turn    (no ring)
MPRegen 0.18/turn

%: guardian spirit
@: glowing
A: molten scales 1, magic regeneration
a: no special abilities


You were on level 1 of the Dungeon.
You visited 1 branch of the dungeon, and saw 2 of its levels.

You collected 79 gold pieces.

Inventory:

Armour
 a - a +0 robe (worn)
 c - an orb of light (worn)
Jewellery
 f - an amulet of guardian spirit (around neck)
Potions
 b - a potion of curing {unknown}
 d - a potion of haste {unknown}
 e - a potion of brilliance {unknown}


   Skills:
 - Level 3.0 Fighting
 + Level 2.9 Dodging
 * Level 3.3 Unarmed Combat
 * Level 2.3 Invocations
 * Level 1.2 Evocations
 * Level 1.1 Shapeshifting


You had 3 spell levels left.
You didn't know any spells.
Your spell library was empty.

Dungeon Overview and Level Annotations

Branches:
Dungeon (2/15)

Altars:


Innate Abilities, Weirdness & Mutations

You are partially covered in molten scales. (AC +2)
You regenerate magic rapidly.


Message History

The gnoll hits you from afar with a +0 spear.
You are too injured to fight recklessly!
The gnoll closely misses you.
There is a stone staircase leading up, spattered with blood here.
The gnoll hits you but does no damage. The gnoll closely misses you.
You climb upwards.
There is a stone staircase leading down here.
You start resting.
Magic restored.
You start resting.
HP restored.
You climb downwards.
There is a stone staircase leading up, spattered with blood here.
The gnoll hits you but does no damage.
You punch the gnoll!
The gnoll is heavily wounded.
The gnoll hits you with a +0 spear.
You hit the gnoll.
The gnoll is severely wounded.
The gnoll barely misses you.
You hit the gnoll.
The gnoll is almost dead.
The gnoll hits you with a +0 spear. The gnoll barely misses you.
You hit the gnoll but do no damage.
The gnoll is almost dead.
The gnoll hits you with a +0 spear. The gnoll barely misses you.
You hit the gnoll.
You kill the gnoll!
The gnoll hits you from afar with a +0 spear.
You have reached level 4!
You feel stronger.
Your demonic ancestry asserts itself...
Your magic begins to regenerate rapidly.
The gnoll hits you from afar with a +0 spear.
There is a stone staircase leading up, spattered with blood here.
The gnoll misses you.
You climb upwards.
There is a stone staircase leading down here.
You start resting.
Magic restored.
Are you sure you want to abandon this character and quit the game? (Confirm with "yes".)

....##.......#..#...#
.............#..#...#
....................#
.......##...##....#.#
.......##...##......#
............##......#
.........(..........#
....##.....#####.÷..#
....##.....#....@÷###
........####.####.#
........# #...##.#
........# #.####.#
.######## #.# #.# ##
#.# #.# #.####.#
#......# ########


There were no monsters in sight!

Vanquished Creatures
  A gnoll (D:2)
  2 dart slugs (D:1)
  A ribbon worm (D:2)
  3 bats
  5 endoplasms (D:1)
  A giant cockroach (D:1)
  5 goblins
  8 hobgoblins
  6 jackals (D:1)
  9 kobolds
  2 ball pythons
  4 frilled lizards (D:1)
  4 rats (D:1)
51 creatures vanquished.

Notes
Turn   | Place    | Note
-------+----------+-------------------------------------------
     0 | D:1      | Gadfly the Demonspawn Monk began the quest for the Orb.
     0 | D:1      | Reached XP level 1. HP: 18/18 MP: 1/1
    57 | D:1      | Reached skill level 1 in Invocations
    57 | D:1      | Gained mutation: You are partially covered in molten
                  | scales. (AC +2) [demonic ancestry]
    57 | D:1      | Reached XP level 2. HP: 23/24 MP: 2/2
   318 | D:1      | Reached skill level 1 in Evocations
   323 | D:1      | Reached XP level 3. HP: 26/29 MP: 4/4
  1293 | D:2      | Reached skill level 1 in Shapeshifting
  1791 | D:2      | Gained mutation: You regenerate magic rapidly. [demonic
                  | ancestry]
  1791 | D:2      | Reached XP level 4. HP: 22/35 MP: 2/5
  1806 | D:1      | Quit the game

Illustrated notes

Levels and vault maps discovered:
D:1:      dpeg_arrival_stonehenge_8_columns, layout_basic,
          reono_crystal_passage, lexackson_kobold_supper
D:2:      layout_basic, st_stairs_6, uniq_sigmund, uniq_crazy_yiuf_cottage

Skill      XL: |  1  2  3 |
---------------+----------+-----
Invocations    | 1 2 |  2.3
Unarmed Combat | 3 |  3.3
Evocations     | 1 |  1.2
Shapeshifting  | 1 |  1.1
Fighting       | |  3.0
Dodging        | |  2.9

Action                     |  1- 3 |  4- 6 || total
---------------------------+-------+-------++-------
  Melee: Unarmed           |   186 |       ||   186
    Use: Potion            |     1 |       ||     1
         Scroll            |     4 |       ||     4
 Armour: Robe              |   117 |     1 ||   118
  Dodge: Dodged            |   155 |     1 ||   156
